Description

My attempt at ZombieGrub's youtube build order. Originally for TvZ but TvT its pretty good too. Terrancraft discusses https://terrancraft.com/2016/05/24/tvz-double-medivac-stim/

Replay - World of Sleepers LE (113)

Build Order

Get SALT Encoding   

  12  0:01  SCV  
  13  0:13  SCV  
  14  0:17  Supply Depot  
  14  0:25  SCV  
  15  0:39  SCV  
  15  0:40  Barracks  
  16  0:45  Refinery  
  16  0:51  SCV  
  17  1:03  SCV  
  18  1:15  SCV  
  19  1:28  Orbital Command  
  19  1:29  Reaper  
  20  1:40  Command Center  
  20  1:52  Barracks  
  20  1:57  Refinery  
  20  2:09  Barracks Reactor, SCV  
  21  2:21  SCV  
  22  2:23  Factory  
  22  2:31  Supply Depot  
  22  2:34  SCV  
  23  2:40  Barracks Tech Lab  
  23  2:52  SCV  
  23  2:54  Marine x2  
  23  2:55  Supply Depot  
  26  3:01  Orbital Command  
  26  3:04  Marine  
  27  3:06  Stimpack  
  27  3:18  Starport  
  27  3:22  SCV  
  27  3:25  Factory Reactor  
  28  3:29  Marine x2  
  30  3:45  SCV x2  
  30  3:47  Marine x3  
  35  4:05  Marine x3  
  35  4:06  SCV x2  
  35  4:09  Medivac x2  
  44  4:18  SCV x2  
  44  4:20  Refinery  
  44  4:22  Marine x3  
  47  4:30  SCV x2  
  51  4:33  Factory Tech Lab  
  51  4:40  Marine  
  51  4:41  Refinery  
  51  4:42  SCV x2  
  54  4:52  Liberator  
  54  5:09  Siege Tank  
  60  5:14  Supply Depot x2  
  60  5:17  SCV x2  
  60  5:18  Command Center  
  62  5:35  Marine x3  
Spawning Tool Build Advisor. Get it on Overwolf

Go to:

Details

  • Created by: DeadlyPants
  • Published on: Jul 23, 2020
  • Modified on: Jul 23, 2020
  • Patch: 4.11.0
  • Difficulty: Easy
Show
View Real Time Build Order
Export as new Build Order

Comments (0)

There are no comments. Be the first!

Create an account to comment!